AoeStats
← DeXal

Arabia

507730406Analyzed
1v1 RM · 12d ago on Sep 19, 2026· 49m 43s· 2 players
Game mode
Random Map
Map size
Tiny (2 player)
Population
200
Speed
Normal
Resources
Standard
Victory
Conquest
Starting age
Dark Age
Ending age
Imperial Age
RankedLock teamsTeams togetherTeam positionsShared explorationLock speedFull tech treeHidden civsTurbo modeCheats
Victory
Defeat
🇫🇮 Poles · Finland
975
+16
🇸🇪 Mongols · Sweden
968
-16
PHILMOORE!
8:17 Loom
10:02 Feudal Age
11:09 Double-Bit Axe
13:04 Horse Collar
18:07 Gold Mining
20:40 Stone Mining
24:06 Castle Age
23:12 Fletching
23:47 Scale Barding Armor
24:06 Bloodlines
24:51 Pikeman
25:46 Husbandry
30:29 Wheelbarrow
30:33 Bow Saw
30:25 Heavy Plow
32:00 Bodkin Arrow
33:53 Chain Barding Armor
35:14 Ballistics
43:32 Gold Shaft Mining
45:08 Squires
48:55 Forging
DeXal
6:13 Loom
9:23 Feudal Age
10:14 Double-Bit Axe
17:49 Horse Collar
21:01 Castle Age
19:21 Scale Barding Armor
20:54 Wheelbarrow
22:48 Husbandry
22:09 Light Cavalry
23:49 Bow Saw
25:11 Forging
30:28 Bloodlines
30:50 Hand Cart
31:35 Town Watch
37:07 Imperial Age
37:23 Winged Hussar
39:59 Iron Casting
41:32 Chain Barding Armor
42:13 Blast Furnace
44:18 Fletching
44:51 Heavy Plow
50:17 Crop Rotation
Connection lost

Rejoining the realm…

Still unreachable

The connection could not be restored.

Session expired

The server has moved on; the page needs a fresh start.